 Dungeon Crawl Stone Soup version 0.18.1-8-gdd0e5ea (webtiles) character file.

284 Loading the Chopper (level 6, -16/53 HPs)
             Began as a Minotaur Fighter on May 31, 2016.
             Was an Initiate of the Shining One.
             Demolished by an ogre
             ... wielding a +0 giant spiked club
              (20 damage)
             ... on level 4 of the Dungeon.
             The game lasted 00:05:32 (2146 turns).

Loading the Chopper (Minotaur Fighter)              Turns: 2146, Time: 00:05:32

Health: -16/53     AC: 10    Str: 25    XL:     6   Next: 7%
Magic:  5/5        EV:  8    Int:  5    God:    the Shining One [......]
Gold:   147        SH: 10    Dex: 12    Spells: 0 memorised, 5 levels left

rFire  . . .     SeeInvis .     k - +1 war axe (flame)
rCold  . . .     Gourm    .     b - +0 scale mail
rNeg   . . .     Faith    .     c - +0 shield
rPois  .         Spirit   .     (helmet restricted)
rElec  .         Dismiss  .     (no cloak)
rCorr  .         Reflect  .     w - +1 pair of gloves
SustAt .         Harm     .     i - +0 pair of boots
MR     .....                    (no amulet)
Stlth  ..........               (no ring)
                                (no ring)

@: mighty, glowing, not resistant to hostile enchantments, extremely unstealthy
A: retaliatory headbutt, horns 2
a: Renounce Religion


You were on level 4 of the Dungeon.
You worshipped the Shining One.
The Shining One was noncommittal.
You were not hungry.

You visited 2 branches of the dungeon, and saw 5 of its levels.

You collected 147 gold pieces.

Inventory:

Hand Weapons
 a - a +0 war axe
 k - a +1 war axe of flaming (weapon)
Armour
 b - a +0 scale mail (worn)
 c - a +0 shield (worn)
 i - a +0 pair of boots (worn)
 w - a +1 pair of gloves (worn)
Jewellery
 l - an uncursed ring of poison resistance {unknown}
Scrolls
 j - a scroll of enchant armour
 t - a scroll of identify
Potions
 e - a potion of flight {unknown}
 m - a potion of cure mutation
 o - 2 potions of invisibility {unknown}
 q - a potion of agility {unknown}
 r - a potion of haste {unknown}
 s - a potion of lignification {unknown}
Comestibles
 f - 3 bread rations
 g - a slice of pizza
 n - a royal jelly
 p - 2 meat rations
 u - 3 fruits


   Skills:
 + Level 4.6 Fighting
 * Level 5.5 Axes
 + Level 4.7 Armour
 + Level 4.8 Shields
 + Level 0.2 Invocations


You had 5 spell levels left.
You didn't know any spells.

Dungeon Overview and Level Annotations

Branches:
Dungeon (4/15)             Temple (1/1) D:4

Altars:
Ashenzari
Cheibriados
Dithmenos
Elyvilon
Fedhas
Gozag
Kikubaaqudgha
Makhleb
Nemelex Xobeh
Okawaru
Pakellas
Qazlal
Ru
Sif Muna
Vehumet
Xom
Yredelemnul
Zin
The Shining One

Shops:
D:4 }


Innate Abilities, Weirdness & Mutations

You reflexively headbutt those who attack you in melee.
You have a pair of horns on your head.


Message History

The orc priest is almost dead.
The orc priest invokes the aid of Beogh against you.
Pain shoots through your body!
The orc priest calls down the wrath of Beogh upon you.
Pain shoots through your body!
* * * LOW HITPOINT WARNING * * *
You hit the orc priest. You burn the orc priest.
You kill the orc priest!
The Shining One accepts your kill.
You have reached level 6!
Your experience leads to an increase in your attributes!
Increase (S)trength, (I)ntelligence, or (D)exterity?
You feel agile. You block the orc's attack.
Drink which item? (? for menu, Esc to quit)
You feel very mighty all of a sudden.
You slice the orc!! You burn the orc.
You kill the orc!
The ogre hits you with a giant spiked club!!
You die...

#.# ... #.# #.# ...
#.# .### #O# #..#
####@# #..# #....#
#..# #.##.# #..#
#.###########..#
#># #........# #.#
#.#####.#####
#.#####.# #<[....#
######.....#.#
#.####.### #####
#.∩...####.#.####.#
#....


You could see an ogre.

Vanquished Creatures
  2 orc priests
  An orc wizard (D:4)
  Ijyb (D:2)
  A worker ant (D:4)
  6 adders
  3 worms
  2 dart slugs (D:1)
  2 giant geckos
  15 orcs
  2 ball pythons (D:4)
  7 bats
  A giant cockroach (D:3)
  4 goblins
  3 hobgoblins
  4 jackals (D:2)
  5 kobolds
  A quokka (D:3)
  3 giant newts
  A jackal skeleton (D:4)
  5 rats
69 creatures vanquished.

Notes
Turn   | Place    | Note
--------------------------------------------------------------
     0 | D:1      | Loading the Minotaur Fighter began the quest for the Orb.
     0 | D:1      | Reached XP level 1. HP: 19/19 MP: 0/0
   357 | D:1      | Reached XP level 2. HP: 27/27 MP: 1/1
   590 | D:2      | Reached skill level 3 in Axes
   682 | D:2      | Found an iron altar of Okawaru.
   720 | D:2      | Reached XP level 3. HP: 32/33 MP: 2/2
   758 | D:2      | Noticed Ijyb
   773 | D:2      | Killed Ijyb
   773 | D:2      | Reached skill level 4 in Axes
   773 | D:2      | Reached XP level 4. HP: 36/40 MP: 3/3
  1190 | D:3      | Reached XP level 5. HP: 26/46 MP: 4/4
  1476 | D:3      | Reached skill level 5 in Axes
  1885 | D:4      | Found Rim Uvurr's Gadget Shoppe.
  1945 | D:4      | Found a staircase to the Ecumenical Temple.
  1948 | D:4      | Noticed a phantom
  1954 | Temple   | Entered the Ecumenical Temple
  2062 | Temple   | Became a worshipper of the Shining One
  2143 | D:4      | Noticed an ogre
  2144 | D:4      | Reached XP level 6. HP: 3/53 MP: 5/5
  2146 | D:4      | Demolished by an ogre

Skill      XL: |  1  2  3  4  5 |
---------------+----------------+-----
Axes           | 3 4 5 |  5.5
Shields        | 4 |  4.8
Fighting       | 4 |  4.6
Armour         | 4 |  4.7
Invocations    | |  0.2

Action                   |  1- 3 |  4- 6 || total
-------------------------+-------+-------++-------
Melee: War axe           |    58 |    97 ||   155
       Headbutt          |     9 |    18 ||    27
  Use: Scroll            |       |    10 ||    10
       Potion            |       |     1 ||     1
  Eat: Chunk             |       |     4 ||     4
Armor: Scale mail        |    27 |    26 ||    53
Dodge: Dodged            |    18 |    16 ||    34
Block: Shield            |    28 |    44 ||    72
